 Dungeon Crawl Stone Soup version 0.21.0-30-g47ce8e4 (webtiles) character file.

27661 tidbits the Thaumaturge (level 13, 0/98 HPs)
             Began as a Gnoll Venom Mage on Jan 28, 2018.
             Was an Elder of Cheibriados.
             Splashed by an acid dragon's acid (5 damage)
             ... on level 12 of the Dungeon.
             The game lasted 00:43:41 (3231 turns).

tidbits the Thaumaturge (Gnoll Venom Mage)          Turns: 3231, Time: 00:43:42

Health: 0/98       AC: -4    Str: 20      XL:     13   Next: 33%
Magic:  26/26      EV: 26    Int: 32      God:    Cheibriados [****..]
Gold:   852        SH:  0    Dex: 26 (27) Spells: 1/30 levels left

rFire    + . .     SeeInvis .     - Unarmed
rCold    + . .     Gourm    .   (shield currently unavailable)
rNeg     . . .     Faith    .   (armour currently unavailable)
rPois    +         Spirit   .   (helmet currently unavailable)
rElec    +         Reflect  .   (cloak currently unavailable)
rCorr    +         Harm     .   (gloves currently unavailable)
MR       .....                  (boots currently unavailable)
Stlth    +++++.....             v - amulet of magic regeneration
HPRegen  0.26/turn              (ring currently unavailable)
MPRegen  0.45/turn              (ring currently unavailable)

@: pig-form, resistant, corroded, very slightly contaminated, very slow
A: small, distributed training, repulsion field 1, mutation resistance 1,
screaming 1, strong nose
a: Bend Time, Temporal Distortion, Slouch, Renounce Religion


You were on level 12 of the Dungeon.
You worshipped Cheibriados.
Cheibriados was greatly pleased with you.
You were not hungry.
You were a filthy swine.
You visited 2 branches of the dungeon, and saw 14 of its levels.
You also visited: Labyrinth, Ossuary and Bailey.

You collected 852 gold pieces.

Inventory:

Hand Weapons
 a - a +4 eveningstar of draining
   (You found it in a bailey)
 b - a +2 dagger of draining (melded)
   (You took it off an orc on level 7 of the Dungeon)
 e - a +0 rapier of speed
   (You found it in a labyrinth)
 j - a +2 shortbow of freezing
   (You took it off a centaur on level 7 of the Dungeon)
 z - a +0 broad axe
Missiles
 h - 6 javelins (quivered)
 i - 45 arrows
 A - 7 tomahawks of returning
Armour
 m - the cursed +1 plate armour of the Duke {Int+3, unknown}
   (You found it on level 12 of the Dungeon)

   It affects your intelligence (+3).
   It has a curse placed upon it.
 t - a +1 ring mail of cold resistance
   (You found it on level 3 of the Dungeon)
 y - a +0 leather armour of cold resistance
   (You found it on level 8 of the Dungeon)
 B - the +3 ring mail of Spring Thaw (melded) {rPois rF+ Str+2 Dex-4}
   (You found it in a labyrinth)

   It affects your strength (+2).
   It affects your dexterity (-4).
   It protects you from fire.
   It protects you from poison.
 F - a +2 pair of boots (melded)
 G - a +0 pair of gloves (melded)
 N - a +1 robe of magic resistance
   (You took it off a wight on level 10 of the Dungeon)
 O - a +1 robe of cold resistance
   (You took it off Fannar on level 10 of the Dungeon)
Magical Staves
 w - an uncursed staff of earth
   (You found it on level 6 of the Dungeon)
Jewellery
 q - an uncursed amulet of regeneration {unknown}
   (You found it in a labyrinth)
 v - an amulet of magic regeneration (around neck)
   (You found it on level 6 of the Dungeon)
 C - the amulet of Vitality {Regen+ HP+15}
   (You found it in a labyrinth)

   [amulet of regeneration]

   It affects your health (+15).
   It increases your rate of regeneration.
 H - an uncursed ring of protection from magic
   (You found it on level 8 of the Dungeon)
 K - an uncursed ring of resist corrosion
   (You found it in a labyrinth)
 P - a ring of poison resistance (melded)
   (You found it on level 4 of the Dungeon)
 U - a +3 ring of protection (melded)
   (You found it on level 1 of the Dungeon)
 V - a +2 ring of evasion
   (You found it on level 5 of the Dungeon)
Wands
 s - a wand of flame (78)
 x - a wand of iceblast (2)
 E - a wand of acid (18)
 I - a wand of paralysis (14)
 M - a wand of polymorph (15)
Scrolls
 d - 2 scrolls of amnesia
 l - a scroll of random uselessness {unknown}
 o - a scroll of blinking {unknown}
 r - 3 scrolls of remove curse
 D - a scroll of enchant armour
 J - a scroll of brand weapon {unknown}
 Q - a scroll of silence {unknown}
 R - a scroll of fear {unknown}
Potions
 u - a potion of magic
 L - a potion of mutation {!q}
Books
 p - a Young Poisoner's Handbook

   Spells                             Type                      Level
   a - Sting                          Conjuration/Poison           1
   b - Poisonous Vapours              Poison/Air                   2
   c - Mephitic Cloud                 Conjuration/Poison/Air       3
   d - Olgreb's Toxic Radiance        Poison                       4
   e - Venom Bolt                     Conjuration/Poison           5
 S - the Grimoire of Ashen Changing
   (You found it in a labyrinth)

   Spells                             Type                      Level
   a - Beastly Appendage              Transmutation                1
   b - Stone Arrow                    Conjuration/Earth            3
   c - Petrify                        Transmutation/Earth          4
   d - Irradiate                      Conjuration/Transmutation    5
   e - Bolt of Magma                  Conjuration/Fire/Earth       5
 T - a Young Poisoner's Handbook
   (You found it in a labyrinth)

   Spells                             Type                      Level
   a - Sting                          Conjuration/Poison           1
   b - Poisonous Vapours              Poison/Air                   2
   c - Mephitic Cloud                 Conjuration/Poison/Air       3
   d - Olgreb's Toxic Radiance        Poison                       4
   e - Venom Bolt                     Conjuration/Poison           5
 W - a book of Battle
   (You found it in a labyrinth)

   Spells                             Type                      Level
   a - Infusion                       Charms                       1
   b - Shroud of Golubria             Charms/Translocation         2
   c - Song of Slaying                Charms                       2
   d - Spectral Weapon                Hexes/Charms                 3
   e - Regeneration                   Charms/Necromancy            3
 X - a book of Transfigurations
   (You found it in a labyrinth)

   Spells                             Type                      Level
   a - Irradiate                      Conjuration/Transmutation    5
   b - Statue Form                    Transmutation/Earth          6
   c - Hydra Form                     Transmutation                6
   d - Dragon Form                    Transmutation                7
Miscellaneous
 Y - a sack of spiders
Comestibles
 c - 17 rations


   Skills:
 + Level 7.6 Fighting
 + Level 7.6 Short Blades
 + Level 7.6 Long Blades
 + Level 7.6 Axes
 + Level 7.6 Maces & Flails
 + Level 7.6 Polearms
 + Level 7.6 Staves
 + Level 7.6 Slings
 + Level 7.6 Bows
 + Level 7.6 Crossbows
 + Level 7.6 Throwing
 + Level 7.6 Armour
 + Level 9.0 Dodging
 + Level 8.8 Stealth
 + Level 7.6 Shields
 + Level 7.6 Unarmed Combat
 + Level 9.2 Spellcasting
 + Level 6.7 Conjurations
 + Level 6.3 Hexes
 + Level 6.3 Charms
 + Level 6.3 Summonings
 + Level 6.3 Necromancy
 + Level 6.3 Translocations
 + Level 6.3 Transmutations
 + Level 6.3 Fire Magic
 + Level 6.3 Ice Magic
 + Level 6.3 Air Magic
 + Level 6.3 Earth Magic
 + Level 8.5 Poison Magic
 + Level 8.4 Invocations
 + Level 7.6 Evocations


You had one spell level left.
You knew the following spells:

 Your Spells              Type           Power        Failure   Level  Hunger
a - Sting                 Conj/Pois      ####         1%          1    None
m - Mephitic Cloud        Conj/Pois/Air  ######..     1%          3    None
o - Poisonous Vapours     Pois/Air       ######       1%          2    None
r - Regeneration          Chrm/Necr      ######....   1%          3    None
s - Statue Form           Tmut/Erth      ######...    36%         6    #####..
w - Spectral Weapon       Hex/Chrm       ######..     1%          3    None
y - Song of Slaying       Chrm           ######..     1%          2    None
O - Olgreb's Toxic Radia  Pois           ######..     1%          4    None
R - Irradiate             Conj/Tmut      ######....   6%          5    ###....


Dungeon Overview and Level Annotations

Branches:
Dungeon (13/15)            Temple (1/1) D:6            Lair (0/6) D:8
    Orc: D:9-12      Vaults: D:13-14

Altars:
Cheibriados
Gozag
Hepliaklqana
Makhleb
Trog
Vehumet
Wu Jian
Yredelemnul
Zin
Jiyva

Shops:
D:6 [

Annotations:
D:2 Sigmund, Terence


Innate Abilities, Weirdness & Mutations

Your experience applies equally to all skills.
((You have very sharp teeth.))
Your uncanny sense of smell can sniff out nearby items.
You are surrounded by a mild repulsion field. (EV +2)
You are somewhat resistant to further mutation.
You occasionally shout uncontrollably at your foes.


Message History

The bullfrog completely misses you. The acid dragon barely misses you. x2
The bullfrog closely misses you.
You barely miss the bullfrog.
The bullfrog is almost dead.
The bullfrog misses you. The acid dragon barely misses you.
The acid dragon completely misses you.
You closely miss the bullfrog.
The bullfrog is almost dead.
The bullfrog hits you.
You bite the bullfrog!
You kill the bullfrog!
Cheibriados thoroughly appreciates the change of pace.
The acid dragon completely misses you. The acid dragon misses you.
The acid dragon spits acid at you. The splash of acid hits you!
The acid corrodes you!
You are splashed with acid!
The acid burns!
You see here a scroll of remove curse.
You feel much better. The acid dragon completely misses you.
The acid dragon closely misses you.
r - 3 scrolls of remove curse (gained 1)
The acid dragon completely misses you. x2
You hit the acid dragon.
The acid dragon is lightly wounded.
The acid dragon spits acid at you. The splash of acid misses you.
Put on which piece of jewellery? (? for menu, Esc to quit)
Okay, then.
Okay, then.
You hit the acid dragon.
The acid dragon is lightly wounded.
You hit the acid dragon.
The acid dragon is moderately wounded.
The acid dragon completely misses you. The acid dragon closely misses you.
You hit the acid dragon.
The acid dragon is heavily wounded.
The acid dragon completely misses you. The acid dragon barely misses you.
You barely miss the acid dragon.
The acid dragon is heavily wounded.
The acid dragon bites you! The acid dragon completely misses you.
You barely miss the acid dragon.
The acid dragon is heavily wounded.
The acid dragon bites you! The acid dragon claws you.
You hit the acid dragon but do no damage.
The acid dragon is heavily wounded.
You closely miss the acid dragon.
The acid dragon is heavily wounded.
The acid dragon spits acid at you. The splash of acid hits you!
* * * LOW HITPOINT WARNING * * *
You are splashed with acid!
The acid burns!
* * * LOW HITPOINT WARNING * * *
You feel protected. The acid dragon barely misses you.
The acid dragon claws you.
* * * LOW HITPOINT WARNING * * *
You feel better. The acid dragon completely misses you.
The acid dragon closely misses you.
You hit the acid dragon but do no damage.
The acid dragon is heavily wounded.
The acid dragon spits acid at you. The splash of acid hits you! You resist.
* * * LOW HITPOINT WARNING * * *
You are splashed with acid!
The acid burns!
You resist.
* * * LOW HITPOINT WARNING * * *
You feel better. The acid dragon completely misses you.
The acid dragon misses you. The acid dragon misses you. x2
The acid dragon spits acid at you. The splash of acid hits you! You resist.
* * * LOW HITPOINT WARNING * * *
You are splashed with acid!
The acid burns!
You resist.
* * * LOW HITPOINT WARNING * * *
You are no longer corroded.
You open the door.
Found a ration.
The acid dragon barely misses you. The acid dragon misses you.
The acid dragon completely misses you. x2
There is an open door here.
The acid dragon spits acid at you. The splash of acid misses you.
You hear a shout! x2
You hear a horrible gurgling sound!
You hear an angry buzzing noise.
You hear a shout!
You hear an angry hiss.
An orc wizard opens the door.
A vampire mosquito comes into view.
As you read the scroll labeled GOELAGI ERPHA, it crumbles to dust.
Wisps of shadow whirl around you...
It was a scroll of summoning.
The orc wizard points at you and mumbles some strange words.
The puff of flame hits you! You resist.
* * * LOW HITPOINT WARNING * * *
The acid dragon closely misses you. The acid dragon misses you.
An orc comes into view.
Your centaur wields a shortbow.
Your centaur shoots an arrow.
The arrow barely misses the acid dragon.
The arrow dissolves into shadows!
The acid dragon spits acid at you. The splash of acid hits you! You resist.
* * * LOW HITPOINT WARNING * * *
The acid corrodes you!
You are splashed with acid!
The acid burns!
You resist.
You die...

....#........#####..,',,,,,,,,,*,
....#................#,,,,,,,,,*,
#####................###,,,,,,,*,
,,......####'##........#,,,,,,,*,
,.......#.....#........#,,,,,,,*,
,.....D.#.....#........',,,,****,
*.......#.†...#........#,,,,*,,,,
+.......#.†...#cZ......#,,,,*,,,,
+,....,,#.....#.hC.....#,,,,*,,,,
*,,,,,,,#.....#........#,,,,*,,,,
*,,,,,,##.....#D.......#,,,,****,
*,,,,,,#......'%.......#,,,,,,,*,
*,,,,,,#......###y###..#,,,,,,,*,
*,,,,,,#....###,,o.,**##,,,,,,,+,
,,,,,,,#...##,,,,o..,,**,****,,*,
***,,,,#####,,,,∆....,,***,,+,,*,
,,*,,,,,,,**,,,≈≈≈≈≈..,**,,,*,,*,


You could see an acid dragon, a vampire mosquito, an orc wizard, an orc, a
friendly cyclops, a friendly centaur and a friendly bullfrog zombie.

Vanquished Creatures
  A minotaur (Lab)
  Fannar (D:10)
  The ghost of ceb the Covert, a novice VSFi of Hepliaklqana (D:7)
  A gargoyle (Lab)
  5 hornets
  A minotaur skeleton (Lab)
  A hippogriff (D:8)
  A slime creature (D:11)
  A shadow (D:11)
  2 redbacks (Lab)
  6 yaks (D:10)
  A soldier ant (D:10)
  An acid dragon (D:13)
  A sky beast (D:6)
  5 orc warriors
  2 phantoms
  A black bear (D:8)
  A necrophage (D:3)
  10 ogres
  2 centaurs
  4 bullfrogs
  5 scorpions
  11 killer bees
  8 wights
  A howler monkey (D:10)
  A crimson imp (D:6)
  A jelly (D:11)
  A quasit (D:13)
  7 orc wizards
  4 orc priests
  3 centaur skeletons
  A hound (D:5)
  A gnoll shaman (D:4)
  An iguana (D:8)
  11 worker ants
  2 big kobold zombies (Ossuary)
  3 hound skeletons
  A mummy (Ossuary)
  A worker ant zombie (D:11)
  13 gnolls
  6 adders
  An adder zombie (D:5)
  A worm (D:5)
  3 leopard geckos
  19 orcs
  2 bats
  2 giant cockroaches
  2 goblins
  A hobgoblin (Bailey)
  3 jackals (D:1)
  12 kobolds
  6 quokkas
  A ball python (D:3)
  4 bat simulacra (Ossuary)
  4 frilled lizards
  6 goblin zombies (Ossuary)
  4 hobgoblin zombies (Ossuary)
  4 kobold simulacra (Ossuary)
  4 kobold zombies (Ossuary)
  2 orc zombies (Ossuary)
  A quokka skeleton (D:7)
  2 rats
  5 rat simulacra (Ossuary)
220 creatures vanquished.

Vanquished Creatures (others)
  A gnoll zombie (Ossuary)
  2 hobgoblin zombies (Ossuary)
3 creatures vanquished.

Grand Total: 223 creatures vanquished

Notes
Turn   | Place    | Note
-------+----------+-------------------------------------------
     0 | D:1      | tidbits the Gnoll Venom Mage began the quest for the Orb.
     0 | D:1      | Reached XP level 1. HP: 13/13 MP: 6/6
    21 | D:1      | Reached skill level 2 in Conjurations
    24 | D:1      | Reached XP level 2. HP: 19/19 MP: 0/7
    28 | D:1      | Learned a level 2 spell: Poisonous Vapours
   143 | D:2      | Noticed Terence
   239 | D:2      | Noticed Sigmund
   269 | D:3      | Noticed a necrophage
   285 | D:3      | Killed a necrophage
   285 | D:3      | Reached skill level 1 in Fighting
   285 | D:3      | Reached skill level 1 in Short Blades
   285 | D:3      | Reached skill level 1 in Long Blades
   285 | D:3      | Reached skill level 1 in Axes
   285 | D:3      | Reached skill level 1 in Maces & Flails
   285 | D:3      | Reached skill level 1 in Polearms
   285 | D:3      | Reached skill level 1 in Staves
   285 | D:3      | Reached skill level 1 in Slings
   285 | D:3      | Reached skill level 1 in Bows
   285 | D:3      | Reached skill level 1 in Crossbows
   285 | D:3      | Reached skill level 1 in Throwing
   285 | D:3      | Reached skill level 1 in Armour
   285 | D:3      | Reached skill level 1 in Shields
   285 | D:3      | Reached skill level 1 in Unarmed Combat
   285 | D:3      | Reached skill level 5 in Spellcasting
   285 | D:3      | Reached skill level 1 in Hexes
   285 | D:3      | Reached skill level 1 in Charms
   285 | D:3      | Reached skill level 1 in Summonings
   285 | D:3      | Reached skill level 1 in Necromancy
   285 | D:3      | Reached skill level 1 in Translocations
   285 | D:3      | Reached skill level 1 in Transmutations
   285 | D:3      | Reached skill level 1 in Fire Magic
   285 | D:3      | Reached skill level 1 in Ice Magic
   285 | D:3      | Reached skill level 1 in Air Magic
   285 | D:3      | Reached skill level 1 in Earth Magic
   285 | D:3      | Reached skill level 1 in Invocations
   285 | D:3      | Reached skill level 1 in Evocations
   285 | D:3      | Reached XP level 3. HP: 14/26 MP: 7/9
   285 | D:3      | Reached XP level 4. HP: 17/32 MP: 8/11
   313 | D:4      | Found a sand-covered staircase.
   321 | D:4      | Reached XP level 5. HP: 23/37 MP: 2/12
   333 | Ossuary  | Entered an ossuary
   553 | Ossuary  | Reached XP level 6. HP: 19/44 MP: 13/13
   574 | Ossuary  | Reached skill level 2 in Invocations
   579 | Ossuary  | Learned a level 3 spell: Mephitic Cloud
   584 | Ossuary  | Learned a level 4 spell: Olgreb's Toxic Radiance
   708 | D:4      | Reached skill level 5 in Dodging
   716 | D:4      | Reached skill level 2 in Fighting
   716 | D:4      | Reached skill level 2 in Short Blades
   716 | D:4      | Reached skill level 2 in Long Blades
   716 | D:4      | Reached skill level 2 in Axes
   716 | D:4      | Reached skill level 2 in Maces & Flails
   716 | D:4      | Reached skill level 2 in Polearms
   716 | D:4      | Reached skill level 2 in Staves
   716 | D:4      | Reached skill level 2 in Slings
   716 | D:4      | Reached skill level 2 in Bows
   716 | D:4      | Reached skill level 2 in Crossbows
   716 | D:4      | Reached skill level 2 in Throwing
   716 | D:4      | Reached skill level 2 in Armour
   716 | D:4      | Reached skill level 2 in Shields
   716 | D:4      | Reached skill level 2 in Unarmed Combat
   716 | D:4      | Reached skill level 2 in Evocations
   743 | D:5      | Entered Level 5 of the Dungeon
   839 | D:5      | Reached XP level 7. HP: 40/50 MP: 8/15
   930 | D:4      | Reached skill level 3 in Conjurations
   930 | D:4      | Reached skill level 2 in Hexes
   930 | D:4      | Reached skill level 2 in Charms
   930 | D:4      | Reached skill level 2 in Summonings
   930 | D:4      | Reached skill level 2 in Necromancy
   930 | D:4      | Reached skill level 2 in Translocations
   930 | D:4      | Reached skill level 2 in Transmutations
   930 | D:4      | Reached skill level 2 in Fire Magic
   930 | D:4      | Reached skill level 2 in Ice Magic
   930 | D:4      | Reached skill level 2 in Air Magic
   930 | D:4      | Reached skill level 2 in Earth Magic
   932 | D:4      | Reached skill level 5 in Stealth
  1009 | D:5      | Reached skill level 3 in Invocations
  1049 | D:6      | Reached XP level 8. HP: 39/57 MP: 5/16
  1076 | D:6      | Reached skill level 6 in Poison Magic
  1111 | D:5      | Reached skill level 3 in Fighting
  1111 | D:5      | Reached skill level 3 in Short Blades
  1111 | D:5      | Reached skill level 3 in Long Blades
  1111 | D:5      | Reached skill level 3 in Axes
  1111 | D:5      | Reached skill level 3 in Maces & Flails
  1111 | D:5      | Reached skill level 3 in Polearms
  1111 | D:5      | Reached skill level 3 in Staves
  1111 | D:5      | Reached skill level 3 in Slings
  1111 | D:5      | Reached skill level 3 in Bows
  1111 | D:5      | Reached skill level 3 in Crossbows
  1111 | D:5      | Reached skill level 3 in Throwing
  1111 | D:5      | Reached skill level 3 in Armour
  1111 | D:5      | Reached skill level 3 in Shields
  1111 | D:5      | Reached skill level 3 in Unarmed Combat
  1111 | D:5      | Reached skill level 3 in Evocations
  1237 | D:6      | Reached skill level 6 in Spellcasting
  1257 | D:6      | Gained mutation: You occasionally shout uncontrollably at your foes. [potion of mutation]
  1257 | D:6      | Gained mutation: You are surrounded by a mild repulsion field. (EV +2) [potion of mutation]
  1257 | D:6      | Gained mutation: You are somewhat resistant to further mutation. [potion of mutation]
  1354 | D:6      | Found Fiwatesoex's Antique Armour Boutique.
  1447 | D:6      | Found a staircase to the Ecumenical Temple.
  1451 | Temple   | Entered the Ecumenical Temple
  1493 | Temple   | Became a worshipper of Cheibriados the Contemplative
  1641 | D:7      | Reached skill level 3 in Hexes
  1641 | D:7      | Reached skill level 3 in Charms
  1641 | D:7      | Reached skill level 3 in Summonings
  1641 | D:7      | Reached skill level 3 in Necromancy
  1641 | D:7      | Reached skill level 3 in Translocations
  1641 | D:7      | Reached skill level 3 in Transmutations
  1641 | D:7      | Reached skill level 3 in Fire Magic
  1641 | D:7      | Reached skill level 3 in Ice Magic
  1641 | D:7      | Reached skill level 3 in Air Magic
  1641 | D:7      | Reached skill level 3 in Earth Magic
  1641 | D:7      | Reached skill level 4 in Invocations
  1658 | D:6      | Reached skill level 6 in Dodging
  1658 | D:6      | Reached XP level 9. HP: 63/65 MP: 13/18
  1819 | D:7      | Reached * piety under Cheibriados
  1821 | D:7      | Reached skill level 4 in Fighting
  1821 | D:7      | Reached skill level 4 in Short Blades
  1821 | D:7      | Reached skill level 4 in Long Blades
  1821 | D:7      | Reached skill level 4 in Axes
  1821 | D:7      | Reached skill level 4 in Maces & Flails
  1821 | D:7      | Reached skill level 4 in Polearms
  1821 | D:7      | Reached skill level 4 in Staves
  1821 | D:7      | Reached skill level 4 in Slings
  1821 | D:7      | Reached skill level 4 in Bows
  1821 | D:7      | Reached skill level 4 in Crossbows
  1821 | D:7      | Reached skill level 4 in Throwing
  1821 | D:7      | Reached skill level 4 in Armour
  1821 | D:7      | Reached skill level 4 in Shields
  1821 | D:7      | Reached skill level 4 in Unarmed Combat
  1821 | D:7      | Reached skill level 4 in Conjurations
  1821 | D:7      | Reached skill level 4 in Evocations
  1852 | D:7      | Found a flagged portal.
  1862 | Bailey   | Entered a bailey
  1906 | Bailey   | Found an iron altar of Okawaru.
  1915 | Bailey   | Reached skill level 6 in Stealth
  1924 | Bailey   | Got a colourful robe
  1955 | Bailey   | Identified the cursed +0 robe "Maoge" {*Slow rElec rN+ Str+3} (You found it in a bailey)
  2013 | D:10     | Entered Level 10 of the Dungeon
  2040 | D:8      | Found a staircase to the Lair.
  2043 | D:8      | Noticed a hornet
  2050 | D:8      | Killed a hornet
  2050 | D:8      | Reached ** piety under Cheibriados
  2063 | D:8      | Reached skill level 5 in Invocations
  2102 | D:7      | Noticed ceb's ghost (novice VSFi)
  2122 | D:7      | Killed ceb's ghost
  2122 | D:7      | Reached skill level 7 in Spellcasting
  2122 | D:7      | Reached skill level 4 in Hexes
  2122 | D:7      | Reached skill level 4 in Charms
  2122 | D:7      | Reached skill level 4 in Summonings
  2122 | D:7      | Reached skill level 4 in Necromancy
  2122 | D:7      | Reached skill level 4 in Translocations
  2122 | D:7      | Reached skill level 4 in Transmutations
  2122 | D:7      | Reached skill level 4 in Fire Magic
  2122 | D:7      | Reached skill level 4 in Ice Magic
  2122 | D:7      | Reached skill level 4 in Air Magic
  2122 | D:7      | Reached skill level 4 in Earth Magic
  2122 | D:7      | Reached XP level 10. HP: 69/73 MP: 20/20
  2244 | D:10     | Reached skill level 5 in Fighting
  2244 | D:10     | Reached skill level 5 in Short Blades
  2244 | D:10     | Reached skill level 5 in Long Blades
  2244 | D:10     | Reached skill level 5 in Axes
  2244 | D:10     | Reached skill level 5 in Maces & Flails
  2244 | D:10     | Reached skill level 5 in Polearms
  2244 | D:10     | Reached skill level 5 in Staves
  2244 | D:10     | Reached skill level 5 in Slings
  2244 | D:10     | Reached skill level 5 in Bows
  2244 | D:10     | Reached skill level 5 in Crossbows
  2244 | D:10     | Reached skill level 5 in Throwing
  2244 | D:10     | Reached skill level 5 in Armour
  2244 | D:10     | Reached skill level 5 in Shields
  2244 | D:10     | Reached skill level 5 in Unarmed Combat
  2244 | D:10     | Reached skill level 5 in Evocations
  2245 | D:10     | Reached skill level 7 in Poison Magic
  2247 | D:10     | Reached skill level 7 in Dodging
  2298 | D:10     | Reached *** piety under Cheibriados
  2315 | D:10     | Reached skill level 5 in Conjurations
  2333 | D:10     | Reached skill level 6 in Invocations
  2342 | D:10     | Reached skill level 7 in Stealth
  2355 | D:10     | Noticed Fannar
  2382 | D:10     | Killed Fannar
  2382 | D:10     | Reached XP level 11. HP: 32/81 MP: 22/22
  2408 | D:10     | Paralysed by a hornet for 3 turns
  2485 | D:11     | Found a labyrinth entrance.
  2490 | D:11     | Found a viscous altar of Jiyva.
  2491 | D:11     | Noticed a brown ugly thing
  2494 | Lab      | Entered a labyrinth
  2857 | Lab      | Reached skill level 6 in Fighting
  2857 | Lab      | Reached skill level 6 in Short Blades
  2857 | Lab      | Reached skill level 6 in Long Blades
  2857 | Lab      | Reached skill level 6 in Axes
  2857 | Lab      | Reached skill level 6 in Maces & Flails
  2857 | Lab      | Reached skill level 6 in Polearms
  2857 | Lab      | Reached skill level 6 in Staves
  2857 | Lab      | Reached skill level 6 in Slings
  2857 | Lab      | Reached skill level 6 in Bows
  2857 | Lab      | Reached skill level 6 in Crossbows
  2857 | Lab      | Reached skill level 6 in Throwing
  2857 | Lab      | Reached skill level 6 in Armour
  2857 | Lab      | Reached skill level 8 in Dodging
  2857 | Lab      | Reached skill level 8 in Stealth
  2857 | Lab      | Reached skill level 6 in Shields
  2857 | Lab      | Reached skill level 6 in Unarmed Combat
  2857 | Lab      | Reached skill level 8 in Spellcasting
  2857 | Lab      | Reached skill level 6 in Conjurations
  2857 | Lab      | Reached skill level 5 in Hexes
  2857 | Lab      | Reached skill level 5 in Charms
  2857 | Lab      | Reached skill level 5 in Summonings
  2857 | Lab      | Reached skill level 5 in Necromancy
  2857 | Lab      | Reached skill level 5 in Translocations
  2857 | Lab      | Reached skill level 5 in Transmutations
  2857 | Lab      | Reached skill level 5 in Fire Magic
  2857 | Lab      | Reached skill level 5 in Ice Magic
  2857 | Lab      | Reached skill level 5 in Air Magic
  2857 | Lab      | Reached skill level 5 in Earth Magic
  2857 | Lab      | Reached skill level 7 in Invocations
  2857 | Lab      | Reached skill level 6 in Evocations
  2857 | Lab      | Reached XP level 12. HP: 54/89 MP: 22/24
  2858 | Lab      | Reached skill level 7 in Fighting
  2858 | Lab      | Reached skill level 7 in Short Blades
  2858 | Lab      | Reached skill level 7 in Long Blades
  2858 | Lab      | Reached skill level 7 in Axes
  2858 | Lab      | Reached skill level 7 in Maces & Flails
  2858 | Lab      | Reached skill level 7 in Polearms
  2858 | Lab      | Reached skill level 7 in Staves
  2858 | Lab      | Reached skill level 7 in Slings
  2858 | Lab      | Reached skill level 7 in Bows
  2858 | Lab      | Reached skill level 7 in Crossbows
  2858 | Lab      | Reached skill level 7 in Throwing
  2858 | Lab      | Reached skill level 7 in Armour
  2858 | Lab      | Reached skill level 7 in Shields
  2858 | Lab      | Reached skill level 7 in Unarmed Combat
  2858 | Lab      | Reached skill level 9 in Spellcasting
  2858 | Lab      | Reached skill level 6 in Hexes
  2858 | Lab      | Reached skill level 6 in Charms
  2858 | Lab      | Reached skill level 6 in Summonings
  2858 | Lab      | Reached skill level 6 in Necromancy
  2858 | Lab      | Reached skill level 6 in Translocations
  2858 | Lab      | Reached skill level 6 in Transmutations
  2858 | Lab      | Reached skill level 6 in Fire Magic
  2858 | Lab      | Reached skill level 6 in Ice Magic
  2858 | Lab      | Reached skill level 6 in Air Magic
  2858 | Lab      | Reached skill level 6 in Earth Magic
  2858 | Lab      | Reached skill level 8 in Poison Magic
  2858 | Lab      | Reached skill level 8 in Invocations
  2858 | Lab      | Reached skill level 7 in Evocations
  2858 | Lab      | Reached XP level 13. HP: 58/96 MP: 22/26
  2876 | Lab      | Noticed a minotaur
  2886 | Lab      | Killed a minotaur
  2893 | Lab      | Identified the Grimoire of Ashen Changing
  2894 | Lab      | Found the amulet of Vitality {Regen+ HP+15}
  2898 | Lab      | Got a bronze ring mail
  2905 | Lab      | Learned a level 3 spell: Regeneration
  2916 | Lab      | Identified the +3 ring mail of Spring Thaw {rPois rF+ Str+2 Dex-4} (You found it in a labyrinth)
  2923 | Lab      | Learned a level 6 spell: Statue Form
  2929 | Lab      | Learned a level 5 spell: Irradiate
  2932 | Lab      | Learned a level 2 spell: Song of Slaying
  2936 | Lab      | Learned a level 3 spell: Spectral Weapon
  2987 | D:11     | Found a burning altar of Makhleb.
  2995 | D:11     | Reached **** piety under Cheibriados
  3074 | D:12     | Reached skill level 9 in Dodging
  3112 | D:12     | Got a polished plate armour
  3161 | D:13     | Noticed a rakshasa
  3231 | D:12     | HP: 5/98 [acid dragon/splash of acid (6)]
  3231 | D:12     | Splashed by an acid dragon's acid

Skill      XL: |  1  2  3  4  5  6  7  8  9 10 11 12 13 |
---------------+----------------------------------------+-----
Conjurations   | 2 3 4 5 6 |  6.7
Fighting       | 1 2 3 4 5 6 7 |  7.6
Short Blades   | 1 2 3 4 5 6 7 |  7.6
Long Blades    | 1 2 3 4 5 6 7 |  7.6
Axes           | 1 2 3 4 5 6 7 |  7.6
Maces & Flails | 1 2 3 4 5 6 7 |  7.6
Polearms       | 1 2 3 4 5 6 7 |  7.6
Staves         | 1 2 3 4 5 6 7 |  7.6
Slings         | 1 2 3 4 5 6 7 |  7.6
Bows           | 1 2 3 4 5 6 7 |  7.6
Crossbows      | 1 2 3 4 5 6 7 |  7.6
Throwing       | 1 2 3 4 5 6 7 |  7.6
Armour         | 1 2 3 4 5 6 7 |  7.6
Shields        | 1 2 3 4 5 6 7 |  7.6
Unarmed Combat | 1 2 3 4 5 6 7 |  7.6
Spellcasting   | 5 6 7 8 9 |  9.2
Hexes          | 1 2 3 4 5 6 |  6.3
Charms         | 1 2 3 4 5 6 |  6.3
Summonings     | 1 2 3 4 5 6 |  6.3
Necromancy     | 1 2 3 4 5 6 |  6.3
Translocations | 1 2 3 4 5 6 |  6.3
Transmutations | 1 2 3 4 5 6 |  6.3
Fire Magic     | 1 2 3 4 5 6 |  6.3
Ice Magic      | 1 2 3 4 5 6 |  6.3
Air Magic      | 1 2 3 4 5 6 |  6.3
Earth Magic    | 1 2 3 4 5 6 |  6.3
Invocations    | 1 2 3 4 5 6 7 8 |  8.4
Evocations     | 1 2 3 4 5 6 7 |  7.6
Dodging        | 5 6 7 8 9 |  9.0
Stealth        | 5 6 7 8 |  8.8
Poison Magic   | 6 7 8 |  8.5

Action                   |  1- 3 |  4- 6 |  7- 9 | 10-12 | 13-15 || total
-------------------------+-------+-------+-------+-------+-------++-------
Melee: Short sword       |    17 |   100 |    25 |       |       ||   142
       Bite              |       |     9 |    10 |    16 |     3 ||    38
       Unarmed           |       |     7 |    37 |       |    19 ||    63
       Punch             |       |     2 |       |     3 |     8 ||    13
       Halberd           |       |       |    81 |       |       ||    81
       Eveningstar       |       |       |    13 |    87 |    43 ||   143
       Dagger            |       |       |       |     5 |     3 ||     8
Throw: Javelin           |       |    15 |     6 |       |       ||    21
 Cast: Sting             |    14 |     2 |     3 |       |       ||    19
       Poisonous Vapours |       |    19 |    65 |    24 |     4 ||   112
       Mephitic Cloud    |       |       |     7 |       |     2 ||     9
       Olgreb's Toxic Ra |       |       |    11 |     6 |     4 ||    21
       Statue Form       |       |       |       |       |     2 ||     2
       Regeneration      |       |       |       |       |     1 ||     1
       Irradiate         |       |       |       |       |     1 ||     1
Invok: Bend Time         |       |       |       |       |     1 ||     1
Evoke: Wand              |       |       |       |       |     2 ||     2
  Use: Potion            |     1 |     1 |     7 |     2 |     4 ||    15
       Scroll            |       |     4 |     8 |     2 |     3 ||    17
 Stab: Sleeping          |     3 |    10 |     5 |     2 |     1 ||    21
       Confused          |       |       |     4 |       |     1 ||     5
  Eat: Chunk             |       |       |     2 |     1 |     1 ||     4
       Ration            |       |       |     1 |     1 |       ||     2
Armor: Robe              |     6 |    31 |    12 |       |       ||    49
       Skin              |       |     5 |    34 |       |    22 ||    61
       Ring mail         |       |       |    16 |    26 |    11 ||    53
Dodge: Dodged            |    10 |    72 |   141 |   129 |   145 ||   497

Table legend:
 A = Turns spent in this place as a percentage of turns spent in the entire game.
 B = Non-inter-level travel turns spent in this place as a percentage of non-inter-level travel turns spent in the entire game.
 C = Inter-level travel turns spent in this place as a percentage of turns spent in this place.
 D = Turns resting spent in this place as a percentage of non-inter-level travel turns spent in this place.
 E = Turns spent auto-exploring this place as a percentage of non-inter-level travel turns spent in this place.
 F = Non-inter-level travel turns spent in this place divided by the number of levels of this place that you've seen.
                   A       B       C       D       E      F
               +-------+-------+-------+-------+-------+----------------------
         Total | 100.0 | 100.0 |   1.1 |   0.0 |   0.0 | 187.9
       Dungeon |  68.9 |  69.7 |   0.0 |   0.0 |   0.0 | 171.3
        Temple |   2.6 |   1.5 |  44.0 |   0.0 |   0.0 |  47.0
     Labyrinth |  15.1 |  15.2 |   0.0 |   0.0 |   0.0 | 487.0
       Ossuary |  10.1 |  10.2 |   0.0 |   0.0 |   0.0 | 326.0
        Bailey |   3.3 |   3.4 |   0.0 |   0.0 |   0.0 | 107.0
               +-------+-------+-------+-------+-------+----------------------

Table legend:
 A = Kills in this place as a percentage of kills in entire the game.
 B = Kills by you in this place as a percentage of kills by you in the entire game.
 C = Kills by friends in this place as a percentage of kills by friends in the entire game.
 D = Other kills in this place as a percentage of other kills in the entire game.
 E = Experience gained in this place as a percentage of experience gained in the entire game.
 F = Experience gained in this place divided by the number of levels of this place that you have seen.
                   A       B       C       D       E      F
               +-------+-------+-------+-------+-------+----------------------
         Total | 100.0 | 100.0 |   N/A | 100.0 | 100.0 | 843.6
       Dungeon |  75.0 |  74.2 |   N/A | 100.0 |  81.0 | 893.4
        Temple |   0.9 |   0.9 |   N/A |   0.0 |   0.0 |   6.0
     Labyrinth |   2.3 |   2.3 |   N/A |   0.0 |  15.5 | 2217.0
       Ossuary |  14.5 |  15.0 |   N/A |   0.0 |   0.6 |  88.0
        Bailey |   7.3 |   7.5 |   N/A |   0.0 |   2.9 | 416.0
               +-------+-------+-------+-------+-------+----------------------

Vault maps used:
D:1:      dpeg_arrival_arbitrary_c, minmay_tromino_v7
D:2:      nicolae_qazlal_eye_of_the_storm, uniq_terence, uniq_sigmund
D:3:      first_ration
D:4:      nicolae_ossuary_entry_monument, uniq_duvessa
D:6:      minmay_temple_entry_steel_oval, serial_shops, kennysheep_little_box,
          kennysheep_crisscross
D:7:      enter_bailey_1
D:8:      lair_entry_dummy
D:9:      minitemple
D:10:     hangedman_pestilent_swarm, mrwooster_statue_mirror, uniq_fannar
D:11:     kennysheep_orc_monster_closet_entryway, lab_entry_generic,
          basic_altar, jiyva_altar_1, uniq_urug
D:12:     grunt_potential, uniq_psyche, uniq_nergalle
D:13:     david_vaults_4, portal_ice_cave_entry_imps,
          grunt_dithmenos_smoke_and_mirrors
Temple:   minmay_crystal_spiral_temple
Lab:      labyrinth_skeletal_remains, nicolae_lab_diamond, nicolae_lab_stuck,
          labyrinth_glass_1, nicolae_lab_checkerboard, nicolae_lab_lava,
          nicolae_lab_quarters, labyrinth_fake_exit
Ossuary:  ossuary_zaba_two_paths
Bailey:   bailey_axe_3, bailey
